 Dungeon Crawl Stone Soup version 0.28.0-45-g0d030f2227 (webtiles) character file.

Game seed: 14512009303314251734

34 seaoflcl the Vexing (level 3, 0/25 HPs)
             Began as a Human Enchanter on Apr 23, 2022.
             Slain by a phantom (4 damage)
             ... on level 2 of the Dungeon.
             The game lasted 00:03:41 (2121 turns).

seaoflcl the Vexing (Human Enchanter)               Turns: 2121, Time: 00:03:41

Health: 0/25       AC:  5    Str: 10    XL:     3   Next: 50%
Magic:  5/6        EV: 10    Int: 15    God:
Gold:   36         SH:  0    Dex: 13    Spells: 4/6 levels left

rFire   . . .      SeeInvis .   a - +1 dagger
rCold   . . .      Faith    .   (no shield)
rNeg    . . .      Spirit   .   g - +0 ring mail
rPois   +          Reflect  .   (no helmet)
rElec   .          Harm     .   (no cloak)
rCorr   .          Rampage  .   (no gloves)
Will    .....                   (no boots)
Stlth   ++........              (no amulet)
HPRegen 0.08/turn               e - ring of poison resistance
MPRegen 0.10/turn               (no ring)

@: no status effects
A: no striking features
a: no special abilities


You were on level 2 of the Dungeon.
You visited 1 branch of the dungeon, and saw 2 of its levels.

You collected 36 gold pieces.

Inventory:

Hand Weapons
 a - a +1 dagger (weapon)
Armour
 b - a +0 robe
 g - a +0 ring mail (worn)
Jewellery
 e - a ring of poison resistance (left hand)
 k - a +6 ring of dexterity
Scrolls
 h - a scroll of fog {unknown}
Potions
 c - a potion of invisibility
 d - a potion of cancellation {unknown}
 f - a potion of resistance {unknown}
 i - 2 potions of curing {unknown}
 j - a potion of heal wounds {unknown}


   Skills:
 + Level 0.8 Fighting
 + Level 1.6 Short Blades
 + Level 1.2 Armour
 + Level 2.1 Dodging
 + Level 3.2 Stealth
 + Level 2.0 Spellcasting
 + Level 3.2 Hexes


You had 4 spell levels left.
You knew the following spells:

 Your Spells              Type           Power      Damage    Failure   Level
a - Ensorcelled Hibernat  Hex/Ice        12%        N/A       41%         2

Your spell library contained the following spells:

 Spells                   Type           Power      Damage    Failure   Level
 Confusing Touch          Hex            11%        N/A       41%         3
 Tukima's Dance           Hex            11%        N/A       41%         3
 Dazzling Flash           Conj/Hex       12%        N/A       65%         3


Dungeon Overview and Level Annotations

Branches:
Dungeon (2/15)

Altars:


Message History

You barely miss the goblin. The goblin hits you but does no damage.
You hit the goblin.
The goblin is moderately wounded.
You hit the goblin.
You kill the goblin!
Things that are here:
a +0 club; a goblin corpse Sorry, you're not good enough to have a special ability.
Casting: Ensorcelled Hibernation (quite dangerous; 41% risk of failure)
Confirm with . or Enter, or press ? or * to list all spells.
The spell is quite dangerous to miscast (41% risk of failure)!
Continue anyway?
Aiming: Ensorcelled Hibernation (quite dangerous; 41% risk of failure)
Press: ? - help, Shift-Dir - straight line, f - phantom
Aim: a phantom (not susceptible)
You miscast Ensorcelled Hibernation.
You are very lightly contaminated with residual magic.
Nothing appears to happen.
You hit the phantom but do no damage.
The phantom hits you but does no damage.
You hit the phantom.
The phantom is lightly damaged.
The phantom hits you!
You hit the phantom but do no damage.
The phantom is lightly damaged.
The phantom hits you!
The phantom blinks!
You blink.
Found a chain mail and 5 poisoned darts.
The phantom hits you but does no damage.
Your magical contamination has completely faded away.
You barely miss the phantom.
The phantom is lightly damaged.
The phantom hits you.
* * * LOW HITPOINT WARNING * * *
The phantom blinks!
You blink.
You hit the phantom.
The phantom is lightly damaged.
The phantom hits you.
* * * LOW HITPOINT WARNING * * *
The phantom blinks!
You blink.
The phantom hits you.
You die...

.... ####
##.........##
...#.#......#
#......♣.♣.#
#..^...._..#
#......♣.♣.####
.#.............##
...#......W.....##
#.[.......@......#
..#..............#
#.......<......#
#...?.........§#
#............§.#
...........)...##
..(............##
...##...########
..# #...#


You could see a phantom.

Vanquished Creatures
  2 dart slugs (D:1)
  A ball python (D:1)
  3 endoplasms (D:1)
  A giant cockroach (D:1)
  5 goblins
  A hobgoblin (D:1)
  3 kobolds (D:1)
  3 quokkas (D:1)
  3 bats (D:1)
  A frilled lizard (D:1)
  4 rats (D:1)
27 creatures vanquished.

Notes
Turn   | Place    | Note
-------+----------+-------------------------------------------
     0 | D:1      | seaoflcl the Human Enchanter began the quest for the Orb.
     0 | D:1      | Reached XP level 1. HP: 13/13 MP: 3/3
   470 | D:1      | Reached XP level 2. HP: 13/20 MP: 5/5
  1452 | D:1      | HP: 1/20 [frozen (4)]
  1454 | D:1      | Reached XP level 3. HP: 1/25 MP: 6/6
  1767 | D:1      | Reached skill level 1 in Armour
  1963 | D:1      | Learned a level 2 spell: Ensorcelled Hibernation
  2102 | D:2      | Found a faded altar of an unknown god.
  2103 | D:2      | Noticed a phantom
  2121 | D:2      | Slain by a phantom

Illustrated notes

Levels and vault maps discovered:
D:1:      dpeg_arrival_houses_and_road, layout_basic, minmay_heptomino_w4
D:2:      layout_rooms, serial_shops, nicolae_shop_bloodbath_and_beyond,
          nicolae_shop_temple_entry_statues_fountains,
          nicolae_shop_competitors_out_of_business,
          chequers_ecumenical_altar_simple, grunt_ministairs_5,
          minmay_liquid_box, hex_tiny, minmay_misc_feat_cross

Skill      XL: |  1  2  3 |
---------------+----------+-----
Armour         | 1 |  1.2
Fighting       | |  0.8
Short Blades   | |  1.6
Dodging        | |  2.1
Stealth        | |  3.2
Spellcasting   | |  2.0
Hexes          | |  3.2

Action                   || total
-------------------------++-------
Melee: Dagger            ||   131
       Punch             ||     4
Armor: Robe              ||     7
       Ring mail         ||    47
Dodge: Dodged            ||    58
